 Dungeon Crawl Stone Soup version 0.25-a0-353-ged6d54792d (webtiles) character file.

Game seed: 16404222812449635226, levelgen mode: classic

1500 Borgoz the Cudgeler (level 8, -1/50 HPs)
             Began as a Gargoyle Gladiator on Jan 2, 2020.
             Slain by an unseen horror (6 damage)
             ... on level 5 of the Dungeon.
             The game lasted 00:09:08 (3982 turns).

Borgoz the Cudgeler (Gargoyle Gladiator)            Turns: 3982, Time: 00:09:09

Health: -1/50      AC: 14    Str: 17    XL:     8   Next: 81%
Magic:  8/8        EV: 12    Int: 10    God:
Gold:   168        SH:  0    Dex: 13    Spells: 7/7 levels left

rFire    . . .     SeeInvis .   d - +1 flail (crush)
rCold    . . .     Gourm    .   (no shield)
rNeg     + + .     Faith    .   s - +0 scale mail
rPois    ∞         Spirit   .   c - +0 helmet
rElec    +         Reflect  .   (no cloak)
rCorr    .         Harm     .   (no gloves)
MR       .....                  (no boots)
Stlth    ..........             (no amulet)
HPRegen  0.16/turn              j - ring of positive energy
MPRegen  0.11/turn              (no ring)

@: no status effects
A: negative energy resistance 1, electricity resistance, unbreathing,
petrification resistance, rot immunity, AC +5
a: no special abilities


You were on level 5 of the Dungeon.
You were not hungry.

You visited 1 branch of the dungeon, and saw 5 of its levels.

You collected 168 gold pieces.

Inventory:

Hand Weapons
 d - a +1 flail of crushing (weapon)
Armour
 c - a +0 helmet (worn)
 s - a +0 scale mail (worn)
Jewellery
 j - a ring of positive energy (left hand)
Scrolls
 b - 3 scrolls of enchant weapon {unknown}
 h - a scroll of blinking {unknown}
 i - 4 scrolls of remove curse
 o - 2 scrolls of fog {unknown}
 r - a scroll of teleportation {unknown}
Potions
 g - 2 potions of curing
 k - a potion of haste {unknown}
 m - 2 potions of resistance {unknown}
 n - 2 potions of lignification
 p - 2 potions of cancellation
Comestibles
 a - 2 chunks of flesh
 f - 10 rations


   Skills:
 + Level 5.6 Fighting
 * Level 7.4 Maces & Flails
 - Level 1.7 Throwing
 + Level 4.9 Armour
 + Level 4.6 Dodging


You had 7 spell levels left.
You didn't know any spells.
Your spell library contained the following spells:

 Spells                   Type           Power        Failure   Level  Hunger
 Corona                   Hex            #......      75%         1    ##.....
 Magic Dart               Conj           #...         75%         1    ##.....
 Ensorcelled Hibernation  Hex/Ice        #.....       87%         2    ###....
 Searing Ray              Conj           #.....       87%         2    ###....
 Confuse                  Hex            #.......     98%         3    ####...
 Dazzling Flash           Conj/Hex       #.....       98%         3    ####...
 Tukima's Dance           Hex            #.......     98%         3    ####...
 Fulminant Prism          Conj/Hex       #.........   100%        4    #####..
 Iskenderun's Mystic Bla  Conj/Tloc      #.......     100%        4    #####..


Dungeon Overview and Level Annotations

Branches:
Dungeon (5/15)             Temple (0/1) D:4

Altars:
Dithmenos
Elyvilon
Zin
The Shining One

Annotations:
D:5 2 runed translucent doors


Innate Abilities, Weirdness & Mutations

You are resistant to torment.
Your stone body is resilient. (AC +5)
You are immune to poison.
You resist negative energy. (rN+)
You are resistant to electric shocks. (rElec)
You can survive without breathing.
You are immune to petrification.
You are immune to rotting.


Message History

You swing at nothing.
Something hits you but does no damage. x2
You thump something! Something hits you.
* * * LOW HITPOINT WARNING * * *
You swing at nothing.
Something hits you but does no damage.
You hit something. Something hits you.
* * * LOW HITPOINT WARNING * * *
You swing at nothing.
Something hits you.
* * * LOW HITPOINT WARNING * * *
You swing at nothing.
Something hits you but does no damage.
You hit something but do no damage. Something hits you but does no damage.
You swing at nothing.
Something hits you.
* * * LOW HITPOINT WARNING * * *
You hit something. Something hits you but does no damage.
You hit something but do no damage. Something hits you but does no damage.
You swing at nothing.
Something hits you.
* * * LOW HITPOINT WARNING * * *
Something hits you but does no damage.
You swing at nothing.
Something hits you but does no damage.
You swing at nothing.
Something hits you.
You die...

########## ##....))..###
#..######)..# ############
#.##....##..#
#..........######.#.####.#..#
#...............@.#..#.#.#..#
#..........##''##.'.#.##.#..#
#.>.......##8..8#######..#..#
#.........#8....8 #)...##..#
#.........#$....=# ######...#
##'######.#:....(# #...#####
#.# ##.#8....8# ##......# #.#
#..##8..8## #......# #.#
#.^.##++##.+ #......#


There were no monsters in sight!

Vanquished Creatures
  2 hippogriffs
  Sigmund (D:2)
  A hungry ghost (D:5)
  Edmund (D:4)
  A sky beast (D:4)
  A gnoll sergeant (D:5)
  A scorpion (D:4)
  A centaur zombie (D:5)
  2 centaur skeletons
  A jelly (D:5)
  2 orc wizards (D:5)
  A worker ant (D:4)
  5 gnolls (D:5)
  14 adders
  An adder skeleton (D:4)
  A worm (D:2)
  5 dart slugs
  3 leopard geckos (D:2)
  6 orcs
  8 giant cockroaches
  8 goblins
  18 hobgoblins
  3 jackals (D:1)
  10 bats
  7 frilled lizards
  A jackal skeleton (D:4)
  8 kobolds
  A leopard gecko skeleton (D:5)
  7 rats
121 creatures vanquished.

Vanquished Creatures (others)
  An orc wizard (D:5)
1 creature vanquished.

Grand Total: 122 creatures vanquished

Notes
Turn   | Place    | Note
-------+----------+-------------------------------------------
     0 | D:1      | Borgoz the Gargoyle Gladiator began the quest for the Orb.
     0 | D:1      | Reached XP level 1. HP: 12/12 MP: 1/1
    44 | D:1      | Reached XP level 2. HP: 18/18 MP: 2/2
   280 | D:1      | Reached skill level 1 in Armour
   290 | D:1      | Reached XP level 3. HP: 21/22 MP: 3/3
   704 | D:2      | Reached XP level 4. HP: 25/27 MP: 4/4
   875 | D:2      | Noticed Sigmund
   905 | D:2      | Killed Sigmund
   905 | D:2      | Reached skill level 4 in Maces & Flails
   905 | D:2      | Reached XP level 5. HP: 16/32 MP: 5/5
   905 | D:2      | Reached XP level 6. HP: 18/37 MP: 6/6
  1628 | D:2      | Found a shadowy altar of Dithmenos.
  1927 | D:3      | Reached skill level 5 in Maces & Flails
  1992 | D:3      | Found a glowing silver altar of Zin.
  1992 | D:3      | Found a white marble altar of Elyvilon.
  1994 | D:3      | Found a glowing golden altar of the Shining One.
  2515 | D:4      | Found a staircase to the Ecumenical Temple.
  2528 | D:4      | Noticed Edmund
  2555 | D:4      | Killed Edmund
  2555 | D:4      | Reached XP level 7. HP: 13/43 MP: 7/7
  2869 | D:4      | Noticed a hippogriff
  2884 | D:4      | Killed a hippogriff
  2884 | D:4      | Reached skill level 6 in Maces & Flails
  3280 | D:4      | Reached XP level 8. HP: 48/48 MP: 8/8
  3513 | D:5      | Entered Level 5 of the Dungeon
  3538 | D:5      | Found a large runed translucent door.
  3539 | D:5      | Found a large runed translucent door.
  3675 | D:5      | Found a large runed translucent door.
  3675 | D:5      | Found a large runed translucent door.
  3726 | D:5      | Reached skill level 5 in Fighting
  3842 | D:5      | Noticed a hippogriff
  3850 | D:5      | Killed a hippogriff
  3850 | D:5      | Reached skill level 7 in Maces & Flails
  3982 | D:5      | Slain by an unseen horror

Levels and vault maps discovered:
D:1:      minmay_arrival_checkered_box, layout_loops_cross
D:2:      minmay_thinvault, layout_basic, lemuel_doored_altar, uniq_sigmund
D:3:      layout_loops_ring, good_gods_mini_temple, first_ration
D:4:      layout_loops_cross, minmay_temple_entry_slanted, uniq_edmund
D:5:      wander_river, layout_basic, minmay_hollow_rounded_squares

Skill      XL: |  1  2  3  4  5  6  7  8 |
---------------+-------------------------+-----
Armour         | 1 2 3 4 |  4.9
Fighting       | 3 4 5 |  5.6
Maces & Flails | 4 5 6 7 |  7.4
Dodging        | 3 4 |  4.6
Throwing       | |  1.7

Action                   |  1- 3 |  4- 6 |  7- 9 || total
-------------------------+-------+-------+-------++-------
Melee: Flail             |   100 |   173 |   201 ||   474
Throw: Throwing net      |       |     3 |       ||     3
  Use: Potion            |       |     2 |     4 ||     6
       Scroll            |       |       |     5 ||     5
 Stab: Sleeping          |     1 |       |       ||     1
       Held in net/web   |       |     2 |       ||     2
  Eat: Chunk             |       |     6 |    14 ||    20
Armor: Leather armour    |    25 |       |       ||    25
       Ring mail         |    31 |    88 |       ||   119
       Scale mail        |       |       |   191 ||   191
Dodge: Dodged            |    68 |   128 |   117 ||   313

Table legend:
 A = Non-vault XP
 B = Vault XP
 C = Vault XP percentage of total XP
 D = Non-vault monster count
 E = Vault monster count
 F = Vault count percentage of total count
                 A         B        C        D         E       F
            +---------+---------+-------+---------+---------+-------
      Total |    1161 |     983 |  45.8 |     101 |      21 |  17.2
            +---------+---------+-------+---------+---------+-------
        D:1 |      50 |       0 |   0.0 |      28 |       0 |   0.0
        D:2 |      86 |     278 |  76.4 |      25 |      16 |  39.0
        D:3 |      90 |       0 |   0.0 |      18 |       0 |   0.0
        D:4 |     576 |     171 |  22.9 |      12 |       1 |   7.7
        D:5 |     359 |     534 |  59.8 |      18 |       4 |  18.2
            +---------+---------+-------+---------+---------+-------
